 Dungeon Crawl Stone Soup version 0.23-a0-370-gf497b7c (webtiles) character file.

842058 Gergoth the Slayer (level 27, -1/131 HPs)
             Began as a Gargoyle Gladiator on Oct 23, 2018.
             Was a High Priest of Vehumet.
             Slain by a tentacled monstrosity (7 damage)
             ... summoned by Mnoleg
             ... in Pandemonium on Oct 24, 2018.
             The game lasted 05:34:03 (93216 turns).

Gergoth the Slayer (Gargoyle Gladiator)            Turns: 93216, Time: 05:34:04

Health: -1/131     AC: 47    Str: 28      XL:     27
Magic:  30/56      EV: 20    Int: 15 (20) God:    Vehumet [*****.]
Gold:   3220       SH: 15    Dex: 13      Spells: 16/49 levels left

rFire    + . .     SeeInvis +   m - +10 morningstar "Avate" {crush, rPois}
rCold    + + .     Gourm    .   g - +0 shield
rNeg     + + +     Faith    .   M - +4 faerie dragon scales {rC- rN++ rCorr Dex+2 Stlth+}
rPois    ∞         Spirit   .   j - +2 helmet {Int+3}
rElec    +         Reflect  .   c - +2 cloak of the Thief {+Fog Slay-2 SInv Stlth+}
rCorr    +         Harm     .   s - +0 pair of gloves of Boredom {rN+++ MR+ MP+9 SInv}
MR       +++..     Rnd*Rage +   R - +2 pair of boots {run}
Stlth    +++++++...             J - amulet of regeneration
HPRegen  0.71/turn              P - ring "Buodif Nuunk" {*Drain +Blink rF+ rC+++ MP+9}
MPRegen  0.35/turn              u - ring of wizardry

@: mighty, flying, constricted, quick
A: big wings, claws 1, repulsion field 1, berserk 2, frail 3, negative energy
resistance 1, screaming 3, electricity resistance, unbreathing, petrification
resistance, no potion heal 1, rot immunity, MP-powered wands, AC +20
}: 8/15 runes: barnacled, slimy, silver, abyssal, demonic, glowing, dark,
gossamer
a: Stop Flying, Renounce Religion, Evoke Blink, Evoke Fog


You were in Pandemonium.
You worshipped Vehumet.
Vehumet was extremely pleased with you.
You were hungry.

You visited 13 branches of the dungeon, and saw 55 of its levels.
You visited Pandemonium 1 time, and saw 9 of its levels.
You visited the Abyss 3 times.
You visited 1 bazaar.
You also visited: Trove, Sewer, Bailey and Ice Cave.

You collected 11110 gold pieces.
You spent 7890 gold pieces at shops.

Inventory:

Hand Weapons
 m - the +10 morningstar "Avate" (weapon) {crush, rPois}
   (You found it on level 4 of the Spider Nest)

   It inflicts extra damage upon your enemies.
   It protects you from poison.
 A - a +6 eveningstar of freezing
 L - a +9 morningstar of holy wrath
Missiles
 N - 2 throwing nets (quivered)
Armour
 c - the +2 cloak of the Thief (worn) {+Fog Slay-2 SInv Stlth+}
   (You bought it in a shop in a bazaar)

   It affects your accuracy and damage with ranged weapons and melee attacks
   (-2).
   It lets you see invisible.
   It makes you more stealthy.
 e - the +1 buckler "Ryejeeti" {rElec rC- rCorr Int+3}
   (You took it off a cherub in Pandemonium)

   It affects your intelligence (+3).
   It makes you vulnerable to cold.
   It insulates you from electricity.
   It provides partial protection from all sources of acid and corrosion.
 g - a +0 shield (worn)
 j - a +2 helmet of intelligence (worn)
 s - the +0 pair of gloves of Boredom (worn) {rN+++ MR+ MP+9 SInv}
   (You acquired it on level 2 of the Orcish Mines)

   It renders you almost immune to negative energy.
   It affects your resistance to hostile enchantments.
   It affects your magic capacity (+9).
   It lets you see invisible.
 w - the +5 leather armour of the Eleven Cities {rPois rF++ MR++ Dex-4}
   (You found it on level 5 of the Dungeon)

   It affects your dexterity (-4).
   It greatly protects you from fire.
   It protects you from poison.
   It affects your resistance to hostile enchantments.
 M - the +4 faerie dragon scales (worn) {rC- rN++ rCorr Dex+2 Stlth+}
   (You took it off the Enchantress on level 15 of the Dungeon)

   It affects your dexterity (+2).
   It makes you vulnerable to cold.
   It greatly protects you from negative energy.
   It provides partial protection from all sources of acid and corrosion.
   It makes you more stealthy.
 R - a +2 pair of boots of running (worn)
Jewellery
 d - the amulet "Dedwacak" {Acrobat rF+ rC+ MR+}
   (You bought it in a shop on level 5 of the Dungeon)

   [amulet of the acrobat]

   It helps you evade while moving and waiting.
   It protects you from fire.
   It protects you from cold.
   It affects your resistance to hostile enchantments.
 o - the ring "Jinott" {+Fly rPois rN+ MR+++ Dex-4}
   (You found it on level 3 of the Crypt)

   [ring of positive energy]

   It affects your dexterity (-4).
   It protects you from poison.
   It protects you from negative energy.
   It affects your resistance to hostile enchantments.
   It lets you fly.
 u - a ring of wizardry (right hand)
 J - an amulet of regeneration (around neck)
 P - the ring "Buodif Nuunk" (left hand) {*Drain +Blink rF+ rC+++ MP+9}
   (You found it on level 3 of the Depths)

   [ring of protection from fire]

   It protects you from fire.
   It renders you almost immune to cold.
   It affects your magic capacity (+9).
   It lets you blink.
   It causes draining when unequipped.
 W - the amulet "Kodaqoh" {Faith rF+ Stlth+}
   (You found it in a treasure trove)

   [amulet of faith]

   It allows you to gain divine favour quickly.
   It protects you from fire.
   It makes you more stealthy.
 Y - the ring "Pyos Faloa" {-Tele rC+++ MP+9 Dex+6 Stlth+}
   (You took it off a deep elf high priest on level 3 of the Elven Halls)

   [ring of magical power]

   It affects your dexterity (+6).
   It renders you almost immune to cold.
   It affects your magic capacity (+9).
   It prevents most forms of teleportation.
   It makes you more stealthy.
 Z - the ring "Ypaeb" {+Inv rF- MR+++ MP+9 Str+2}
   (You found it in a treasure trove)

   [ring of magical power]

   It affects your strength (+2).
   It makes you vulnerable to fire.
   It affects your resistance to hostile enchantments.
   It affects your magic capacity (+9).
   It lets you turn invisible.
Wands
 a - a wand of enslavement (53)
 h - a wand of scattershot (2)
 t - a wand of digging (49)
 G - a wand of iceblast (17)
 K - a wand of disintegration (46)
 U - a wand of acid (39)
Scrolls
 k - 3 scrolls of teleportation
 n - 4 scrolls of enchant armour
 p - 14 scrolls of amnesia
 r - 28 scrolls of remove curse
 y - 11 scrolls of blinking
 D - 7 scrolls of fear
 F - 6 scrolls of identify
 T - a scroll of magic mapping
 V - a scroll of summoning
Potions
 b - 11 potions of agility
 i - 32 potions of curing
 l - 2 potions of resistance
 q - 9 potions of heal wounds
 v - 9 potions of brilliance
 x - 6 potions of haste
 z - 13 potions of might
 B - 5 potions of magic
 E - 5 potions of cancellation
Miscellaneous
 I - 3 boxes of beasts
 S - 2 phantom mirrors
Comestibles
 f - 57 rations


   Skills:
 - Level 23.6 Fighting
 - Level 20.0 Maces & Flails
 - Level 1.7 Throwing
 - Level 14.0 Armour
 - Level 16.0 Dodging
 - Level 12.0 Stealth
 - Level 15.0 Shields
 + Level 11.6 Spellcasting
 + Level 18.2 Conjurations
 + Level 5.9 Necromancy
 + Level 21.4 Fire Magic
 + Level 21.9 Earth Magic
 - Level 10.0 Evocations


You had 16 spell levels left.
You knew the following spells:

 Your Spells              Type           Power        Failure   Level  Hunger
a - Apportation           Tloc           #.....       4%          1    None
b - Borgnjor's Vile Clut  Necr/Erth      ######....   1%          5    #####..
c - Passwall              Tmut/Erth      #####...     1%          2    None
d - Blink                 Tloc           N/A          6%          2    None
e - Bolt of Fire          Conj/Fire      ######....   1%          6    ######.
f - Shatter               Erth           ######....   13%         9    #######
g - Ignition              Fire           ######....   1%          8    #######

Your spell library contained the following spells:

 Spells                   Type           Power        Failure   Level  Hunger
 Iskenderun's Battlesphe  Conj/Chrm      #####...     1%          5    #####..
 Flame Tongue             Conj/Fire      #####        0%          1    None
 Magic Dart               Conj           ####         0%          1    None
 Sandblast                Erth           ######       0%          1    None
 Searing Ray              Conj           ######       0%          2    None
 Throw Flame              Conj/Fire      ######       0%          2    None
 Conjure Flame            Conj/Fire      ######..     0%          3    None
 Animate Skeleton         Necr           N/A          1%          1    None
 Freeze                   Ice            #...         1%          1    None
 Pain                     Necr           ####         1%          1    None
 Shock                    Conj/Air       ####         1%          1    None
 Sting                    Conj/Pois      ####         1%          1    None
 Corpse Rot               Necr           N/A          1%          2    None
 Throw Frost              Conj/Ice       #####.       1%          2    None
 Dazzling Spray           Conj/Hex       #####.       1%          3    None
 Ignite Poison            Fire/Tmut/Pois ####....     1%          3    None
 Inner Flame              Hex/Fire       #####...     1%          3    None
 Mephitic Cloud           Conj/Pois/Air  ####....     1%          3    None
 Static Discharge         Conj/Air       #####...     1%          3    None
 Vampiric Draining        Necr           ####......   1%          3    None
 Force Lance              Conj/Tloc      #####...     1%          4    ###....
 Fulminant Prism          Conj/Hex       #####.....   1%          4    ###....
 Iskenderun's Mystic Bla  Conj           ######..     1%          4    ###....
 Leda's Liquefaction      Hex/Erth       #####.....   1%          4    ###....
 Petrify                  Tmut/Erth      #####...     1%          4    ###....
 Sticky Flame             Conj/Fire      ######..     1%          4    ###....
 Throw Icicle             Conj/Ice       #####...     1%          4    ###....
 Bolt of Draining         Conj/Necr      #####.....   1%          5    #####..
 Bolt of Magma            Conj/Fire/Erth ######....   1%          5    #####..
 Fireball                 Conj/Fire      ######....   1%          5    #####..
 Irradiate                Conj/Tmut      #####.....   1%          5    #####..
 Lightning Bolt           Conj/Air       #####.....   1%          5    #####..
 Venom Bolt               Conj/Pois      #####.....   1%          5    #####..
 Iron Shot                Conj/Erth      ######....   1%          6    ######.
 Lehudib's Crystal Spear  Conj/Erth      ######....   2%          8    #######
 Regeneration             Chrm/Necr      ###.......   3%          3    None
 Animate Dead             Necr           N/A          3%          4    ###....
 Beastly Appendage        Tmut           #.....       4%          1    None
 Confusing Touch          Hex            #.....       4%          1    None
 Corona                   Hex            #......      4%          1    None
 Infusion                 Chrm           #...         4%          1    None
 Summon Small Mammal      Summ           #...         4%          1    None
 Bolt of Cold             Conj/Ice       #####.....   4%          6    ######.
 Conjure Ball Lightning   Conj/Air       #####.....   4%          6    ######.
 Poison Arrow             Conj/Pois      #####.....   4%          6    ######.
 Call Imp                 Summ           #.......     6%          2    None
 Ensorcelled Hibernation  Hex/Ice        #.....       6%          2    None
 Poisonous Vapours        Pois/Air       #.....       6%          2    None
 Shroud of Golubria       Chrm/Tloc      #.........   6%          2    None
 Slow                     Hex            #.......     6%          2    None
 Song of Slaying          Chrm           #.......     6%          2    None
 Sticks to Snakes         Tmut           #.......     6%          2    None
 Swiftness                Chrm/Air       #.......     6%          2    None
 Agony                    Necr           ####....     9%          5    #####..
 Dispel Undead            Necr           ####....     9%          5    #####..
 Airstrike                Air            #.........   11%         4    ###....
 Olgreb's Toxic Radiance  Pois           #.......     11%         4    ###....
 Call Canine Familiar     Summ           #.......     12%         3    None
 Confuse                  Hex            #.......     12%         3    None
 Gell's Gravitas          Tloc           #.........   12%         3    None
 Ozocubu's Armour         Chrm/Ice       #.......     12%         3    None
 Portal Projectile        Hex/Tloc       #.....       12%         3    None
 Recall                   Summ/Tloc      N/A          12%         3    None
 Spectral Weapon          Hex/Chrm       #.......     12%         3    None
 Spider Form              Tmut/Pois      #.........   12%         3    None
 Summon Guardian Golem    Hex/Summ       #.......     12%         3    None
 Tukima's Dance           Hex            #.......     12%         3    None
 Freezing Cloud           Conj/Ice/Air   ####......   13%         6    ######.
 Yara's Violent Unravell  Hex/Tmut       #.........   26%         5    #####..
 Fire Storm               Conj/Fire      ######....   28%         9    #######
 Excruciating Wounds      Chrm/Necr      ###.......   30%         5    #####..
 Cause Fear               Hex            #.........   34%         4    ###....
 Ice Form                 Ice/Tmut       #.......     34%         4    ###....
 Passage of Golubria      Tloc           N/A          34%         4    ###....
 Summon Ice Beast         Ice/Summ       #.......     34%         4    ###....
 Summon Lightning Spire   Summ/Air       #.......     34%         4    ###....
 Ring of Flames           Chrm/Fire      #####.....   36%         7    #######
 Death Channel            Necr           ####......   43%         6    ######.
 Alistair's Intoxication  Tmut/Pois      #.......     69%         5    #####..
 Blade Hands              Tmut           #.........   69%         5    #####..
 Metabolic Englaciation   Hex/Ice        #.........   69%         5    #####..
 Silence                  Hex/Air        #.........   69%         5    #####..
 Summon Mana Viper        Hex/Summ       #.......     69%         5    #####..
 Ozocubu's Refrigeration  Ice            #.........   75%         6    ######.
 Chain Lightning          Conj/Air       #####.....   75%         8    #######
 Simulacrum               Ice/Necr       ###.......   83%         6    ######.
 Darkness                 Hex            #.........   99%         6    ######.
 Deflect Missiles         Chrm/Air       #.........   99%         6    ######.
 Dispersal                Tloc           #.........   99%         6    ######.
 Shadow Creatures         Summ           N/A          99%         6    ######.
 Dragon Form              Tmut           #.........   100%        7    #######
 Malign Gateway           Summ/Tloc      #.........   100%        7    #######
 Monstrous Menagerie      Summ           #.........   100%        7    #######
 Summon Greater Demon     Summ           #.........   100%        7    #######
 Borgnjor's Revivificati  Necr           ####......   100%        8    #######
 Controlled Blink         Tloc           N/A          100%        8    #######
 Discord                  Hex            #.........   100%        8    #######
 Disjunction              Tloc           #.........   100%        8    #######
 Summon Horrible Things   Summ           #.........   100%        8    #######
 Dragon's Call            Summ           #.........   100%        9    #######
 Glaciate                 Conj/Ice       #####.....   100%        9    #######
 Tornado                  Air            #.........   100%        9    #######
 Sublimation of Blood     Necr           Unusable     N/A         2    N/A
 Statue Form              Tmut/Erth      Unusable     N/A         6    N/A

Dungeon Overview and Level Annotations

Branches:
Dungeon (15/15)            Temple (1/1) D:4            Lair (6/6) D:10
 Shoals (4/4) Lair:4       Spider (4/4) Lair:4        Slime (5/5) Lair:6
    Orc (2/2) D:12            Elf (3/3) Orc:2        Vaults (5/5) D:13
  Crypt (3/3) Vaults:2       Tomb (0/3) Crypt:3      Depths (5/5) D:15
   Hell (1/1)                 Dis (0/7) Hell            Geh (0/7) Hell
    Coc (0/7) Hell            Tar (0/7) Hell            Zot (1/5) Depths:5

Altars:
Ashenzari
Cheibriados
Dithmenos
Elyvilon
Fedhas
Gozag
Hepliaklqana
Kikubaaqudgha
Makhleb
Nemelex Xobeh
Okawaru
Qazlal
Ru
Sif Muna
Trog
Uskayaw
Vehumet
Wu Jian
Xom
Yredelemnul
Zin
The Shining One
Beogh
Jiyva
Lugonu

Shops:
D:5 *   D:8 }   D:9 %   D:14 [   Orc:2 *%%?   Elf:1 *   Shoals:2 :%
Vaults:2 (   Vaults:3 !   Depths:2 ([*

Portals:
Hell: Depths:1 Depths:2 Depths:3 Depths:4 Depths:5
Abyss: Depths:4
Pandemonium: Depths:2 Depths:3
Ziggurat: Depths:4

Annotations:
Shoals:2 exclusion: Roxanne, Roxanne
Depths:4 1 transporter, Gupsidadd's ghost, veteran MiBe
Zot:1 Tiamat
Pan Mnoleg


Innate Abilities, Weirdness & Mutations

You are resistant to torment.
Your stone body is resilient. (AC +20)
You are immune to poison.
Your large and strong wings let you fly indefinitely.
You resist negative energy. (rN+)
You are resistant to electric shocks. (rElec)
You can survive without breathing.
You are immune to petrification.
You are immune to rotting.
You have sharp fingernails.
You are surrounded by a mild repulsion field. (EV +2)
You often lose your temper in combat.
You are extremely frail. (-30% HP)
You frequently scream uncontrollably at your foes.
Potions are less effective at restoring your health.
You expend magic power (3 MP) to strengthen your wands.


Message History

The tentacled monstrosity constricts you.
You hit Mnoleg.
Mnoleg is severely wounded.
Mnoleg gestures.
You closely miss Mnoleg.
Mnoleg is severely wounded.
The tentacled monstrosity tentacle-slaps you!
* * * LOW HITPOINT WARNING * * *
You block the tentacled monstrosity's attack.
The tentacled monstrosity tentacle-slaps you but does no damage.
The tentacled monstrosity constricts you.
You block Mnoleg's attack. Mnoleg misses you. Mnoleg closely misses you.
Mnoleg kicks you but does no damage.
You bludgeon Mnoleg!!
Mnoleg is almost dead.
The tentacled monstrosity tentacle-slaps you but does no damage.
The tentacled monstrosity tentacle-slaps you!
* * * LOW HITPOINT WARNING * * *
The tentacled monstrosity tentacle-slaps you but does no damage.
You die...

..## ##..###..#
...## ##..##..#
#...#* ##..#..#
##...#* ##....#
*#...#* ##...#
*#...#* #####..#
*#...#**#.###..#
*#...##X#.##§§#
*#...#XXX##@X#
*#.....XX&X§#
*#......§X§# *
#...^..§.§# #*
##.........# .#*
##..........#
..##
##...######..#
...###...## #..#
#...#...## *,,*


You could see Mnoleg, 3 tentacled monstrosities and 2 large abominations.

Vanquished Creatures
  the Royal Jelly (Slime:5)
  Gloorx Vloq (Pan)
  A seraph (Pan)
  3 ancient liches
  Sojobo (Depths:4)
  Saint Roka (Orc:2)
  Margery (Depths:1)
  Geryon (Hell)
  A pandemonium lord (Pan)
  the Enchantress (D:15)
  6 golden dragons
  Jory (Crypt:3)
  2 bone dragons (Abyss:3)
  A pearl dragon (Pan)
  11 liches
  Rupert (D:14)
  A Hell Sentinel (Pan)
  2 shard shrike skeletons
  12 tentacled monstrosities
  Asterion (Depths:1)
  3 titans
  5 deep elf blademasters
  2 deep elf master archers (Elf:3)
  A titan (shapeshifter) (Vaults:5)
  A quicksilver dragon (Zot:1)
  18 acid blobs
  A kraken (Shoals:1)
  4 sphinxes
  Gastronok (Lair:2)
  19 Executioners (Pan)
  3 ancient champions
  9 tentacled starspawn
  A thorn hunter (Abyss:3)
  Agnes (D:14)
  11 tengu reavers
  A death cob (Zot:1)
  4 draconian monks (Zot:1)
  4 storm dragons
  7 shadow dragons
  11 azure jellies
  A revenant (Crypt:1)
  3 frost giants
  2 draconian knights
  7 fire giants
  2 iron dragons
  24 daevas (Pan)
  15 cacodemons (Pan)
  Louise (Lair:4)
  6 ghost moths
  5 emperor scorpions
  3 draconian scorchers
  2 draconian stormcallers (Zot:1)
  13 deep elf sorcerers
  6 balrugs
  7 deep elf elementalists
  20 vault wardens
  2 corrupters (Pan)
  4 curse skulls
  4 spriggan defenders
  31 angels (Pan)
  21 ironheart preservers
  8 draconian annihilators
  10 ghouls
  21 stone giants
  2 reapers
  16 very ugly things
  A draconian shifter (Zot:1)
  20 apis (Pan)
  21 vampire knights
  14 ophanim
  4 war gargoyles
  3 deep elf demonologists
  2 green draconians (Zot:1)
  9 white draconians
  Azrael (Spider:1)
  7 purple draconians
  A deep elf annihilator (Elf:3)
  4 black draconians (Zot:1)
  2 lorocyprocas
  5 yellow draconians
  5 spark wasps
  6 red draconians (Zot:1)
  8 merfolk javelineers
  5 eidola
  5 death oozes (Slime:5)
  Josephine (Lair:4)
  A mummy priest (Crypt:3)
  5 blizzard demons
  2 green deaths
  13 jiangshi
  23 ettins
  17 great orbs of eyes
  5 fire dragons
  17 deep elf death magi
  5 deep elf high priests
  10 merfolk impalers
  A hydra (Lair:6)
  Harold (D:7)
  25 yaktaur captains
  3 spriggan air magi
  37 vault guards
  The ghost of Garbasso the Martial Artist, a journeyman MfTm of Okawaru (Lair:1)
  5 rakshasas
  8 centaur warriors
  12 ice dragons
  9 death knights
  3 merfolk avatars
  A catoblepas (shapeshifter) (Vaults:5)
  3 alligator snapping turtles
  4 merfolk aquamancers
  6 tengu warriors
  A satyr (shapeshifter) (Vaults:4)
  48 two-headed ogres
  72 dancing weapons
  A catoblepas (Lair:4)
  16 vampire magi
  8 death scarabs (Spider:4)
  5 satyrs
  21 ogre magi
  A death yak (Lair:5)
  15 deep troll earth magi
  7 thrashing horrors
  5 hell hogs (Hell)
  3 spriggan berserkers
  11 deep troll shamans
  12 soul eaters
  A titan zombie (Abyss:3)
  11 sun demons
  A titan skeleton (Vaults:5)
  4 storm dragon zombies
  9 skeletal warriors
  27 deep elf knights
  4 iron trolls
  12 wretched stars
  11 sixfirhies (Pan)
  58 deep trolls
  2 iron golems (Hell)
  2 spatial maelstroms
  2 death drakes (Abyss:1)
  13 shadow wraiths
  9 flayed ghosts
  6 golden dragon zombies (Crypt:3)
  16 hell knights
  A sea snake (shapeshifter) (Depths:4)
  16 cherubim (Pan)
  A storm dragon skeleton (Pan)
  30 starcursed masses
  3 wizards
  23 small abominations
  A tengu zombie (Hell)
  3 shadow demons
  2 swamp dragons (Abyss:3)
  3 glowing orange brains
  14 sea snakes
  22 deep elf archers
  Pikel (D:5)
  4 spectral wolf spiders (Spider:4)
  18 harpies
  18 phantasmal warriors
  A sphinx zombie (Crypt:2)
  A golden dragon skeleton (Pan)
  11 orc knights
  An iron giant skeleton (Crypt:1)
  6 necromancers
  3 wolf spider zombies
  40 large abominations
  18 ironbrand convokers
  A wolf spider (shapeshifter) (D:15)
  35 ugly things
  A faun (shapeshifter) (Vaults:3)
  2 shadow dragon skeletons
  13 orb spiders
  2 shining eyes (shapeshifter)
  24 wolf spiders
  4 shining eyes
  A frost giant zombie (Hell)
  2 mana vipers
  A salamander (shapeshifter) (Elf:2)
  An orc sorcerer (D:13)
  8 cyclopes
  60 deep elf magi
  4 fire giant zombies
  4 stone giant zombies
  15 manticores
  8 moths of wrath
  12 fauns
  4 elephants (Lair:6)
  A manticore (shapeshifter) (Depths:3)
  6 human zombies
  9 black mambas
  3 worldbinders
  2 human skeletons
  2 moths of wrath (shapeshifter)
  4 centaur zombies
  3 fire giant skeletons
  Joseph (D:7)
  9 merfolk sirens
  2 frost giant skeletons
  5 guardian serpents
  11 rust devils
  A stone giant skeleton (Pan)
  2 eyes of devastation
  2 ice statues
  Maurice (D:8)
  24 smoke demons
  2 water nymphs
  2 apocalypse crabs
  2 torpor snails
  4 gargoyles
  A centaur skeleton (D:12)
  2 hellions
  16 vault sentinels
  13 orange demons
  A torpor snail (shapeshifter) (Depths:3)
  A storm dragon simulacrum (Vaults:3)
  26 spiny frogs
  A dire elephant skeleton (Pan)
  2 shock serpent skeletons (Pan)
  5 spectral redbacks (Spider:4)
  4 spriggan zombies (Hell)
  A rime drake (Lair:6)
  A komodo dragon (shapeshifter) (Vaults:1)
  8 ancient zymes
  7 efreet
  48 yaktaurs
  A redback zombie (Spider:4)
  2 tormentors (Pan)
  7 freezing wraiths
  7 guardian mummies
  21 demonic crawlers
  A harpy zombie (Crypt:3)
  11 komodo dragons
  7 red devils
  An anaconda simulacrum (Hell)
  A meliai (shapeshifter) (Depths:5)
  A troll (shapeshifter) (Depths:3)
  14 hellwings
  4 tengu conjurers
  12 polar bears
  A polar bear (shapeshifter) (Vaults:4)
  3 trolls
  2 hydra zombies (Hell)
  A tyrant leech (shapeshifter) (Elf:2)
  A jumping spider (shapeshifter) (Depths:2)
  2 silent spectres (Abyss:3)
  36 merfolk
  Grinder (D:6)
  A queen bee (Spider:2)
  3 spectral tarantellas (Spider:4)
  A tengu simulacrum (Vaults:3)
  4 tyrant leeches (Lair:6)
  4 wind drakes
  34 jumping spiders
  3 meliai (Spider:2)
  An iron troll skeleton (Crypt:1)
  11 hornets
  80 slime creatures
  3 hydra skeletons
  2 deep troll zombies (Hell)
  9 dream sheep
  3 jumping spider zombies (Spider:4)
  A tarantella zombie (Spider:4)
  A dream sheep (shapeshifter) (Vaults:5)
  37 blink frogs
  12 hippogriffs
  An ice dragon zombie (Hell)
  2 bog bodies (Crypt:3)
  19 raiju
  5 spectral jumping spiders (Spider:4)
  7 snapping turtles
  A frost giant simulacrum (Vaults:4)
  A redback (shapeshifter) (Abyss:3)
  An ettin zombie (Hell)
  6 spriggans
  An ettin skeleton (Vaults:5)
  An ice dragon skeleton (Abyss:1)
  15 flying skulls
  19 tarantellas
  26 vampires
  A centaur simulacrum (D:15)
  8 ynoxinuls
  72 redbacks
  30 water elementals
  4 air elementals
  A tarantella (shapeshifter) (Vaults:4)
  16 wraiths
  A yak (shapeshifter) (Depths:4)
  2 shadows
  4 wyverns
  A tyrant leech zombie (Crypt:2)
  58 yaks
  Grum (D:8)
  A fire bat (shapeshifter) (Vaults:3)
  A human (D:13)
  3 golden eyes (shapeshifter)
  11 golden eyes
  3 hungry ghosts
  2 yaktaur simulacra
  4 basilisks
  22 fire elementals
  2 basilisks (shapeshifter)
  10 chaos spawn
  9 vampire mosquitoes
  22 neqoxecs
  A human simulacrum (Vaults:1)
  2 wargs
  2 spiny frog zombies (Hell)
  6 insubstantial wisps
  An infernal demonspawn zombie (Crypt:3)
  2 acid dragons (D:14)
  8 spatial vortices
  A soldier ant (shapeshifter) (Vaults:1)
  13 water moccasins
  A deep troll skeleton (Vaults:5)
  A spectral hornet (Spider:4)
  3 hell hounds
  2 hornet zombies
  4 floating eyes
  17 porcupines
  A floating eye (shapeshifter) (Vaults:2)
  6 sky beasts
  2 slaves (D:5)
  5 ice beasts
  A sky beast (shapeshifter) (Vaults:5)
  2 spiny frog skeletons
  A black bear (D:7)
  A black bear (shapeshifter) (Elf:2)
  8 boggarts
  A dream sheep zombie (Crypt:1)
  6 eyes of draining
  46 orc warriors
  3 necrophages
  A swamp dragon zombie (Crypt:3)
  An alligator simulacrum (Hell)
  An ettin simulacrum (Vaults:4)
  A phantom (D:9)
  23 wolves
  17 centaurs
  A tengu (shapeshifter) (Vaults:5)
  31 ogres
  A centaur (shapeshifter) (Vaults:2)
  18 crocodiles
  A swamp dragon skeleton (Abyss:3)
  An elephant skeleton (Crypt:2)
  A big kobold (shapeshifter) (Abyss:1)
  A hippogriff zombie (Crypt:2)
  2 manticore skeletons
  2 elf zombies (Elf:1)
  5 big kobolds
  27 bullfrogs
  A draconian zombie (Crypt:3)
  A komodo dragon skeleton (Crypt:3)
  A wyvern zombie (D:12)
  4 earth elementals
  A spiny frog simulacrum (Hell)
  2 wyvern skeletons
  3 scorpions
  2 water moccasin skeletons
  25 killer bees
  12 wights
  A spriggan skeleton (Crypt:2)
  3 electric eels
  A howler monkey (D:4)
  4 crimson imps
  7 hounds
  6 jellies
  3 quasits
  A bullfrog zombie (D:11)
  A bullfrog skeleton (D:4)
  20 orc priests
  A soldier ant zombie (Crypt:3)
  11 iron imps
  20 orc wizards
  2 iguanas
  11 worker ants
  An ogre skeleton (Abyss:1)
  5 hound skeletons
  3 mummies (Crypt:1)
  A worker ant zombie (D:10)
  7 gnolls
  18 adders
  2 river rats (Sewer)
  3 shadow imps
  13 white imps
  4 ufetubi
  4 oozes
  2 adder zombies
  A worm (D:4)
  A dart slug (D:2)
  6 leopard geckos
  69 orcs
  5 bats
  3 giant cockroaches
  5 goblins
  A goblin (shapeshifter) (Vaults:2)
  3 hobgoblins
  14 jackals
  4 quokkas
  6 ball pythons
  2 ball python zombies
  4 frilled lizards
  2 giant cockroach zombies
  2 goblin skeletons (Crypt:2)
  A goblin zombie (D:5)
  34 kobolds
  A kobold zombie (Crypt:1)
  2 leopard gecko skeletons (D:4)
  An orc skeleton (Pan)
  A quokka skeleton (D:4)
  A quokka zombie (D:5)
  25 rats
  2 crawling corpses (Elf:3)
  3 lurking horrors
  7 starspawn tentacles
  3 tentacles (Shoals:1)
3265 creatures vanquished.

Vanquished Creatures (collateral kills)
  An orc knight (Bailey)
  3 orc warriors (Bailey)
  3 orcs (Bailey)
7 creatures vanquished.

Vanquished Creatures (others)
  A tentacled starspawn (Abyss:1)
  An eldritch tentacle (Pan)
  A war gargoyle (Vaults:4)
  A centaur warrior (Depths:1)
  A hell knight (Vaults:5)
  A shadow demon (Pan)
  A deep elf mage (Abyss:3)
  A large abomination (Abyss:5)
  A merfolk (Shoals:2)
  5 polar bears (IceCv)
  A water elemental (Depths:3)
  6 yaks (IceCv)
  A chaos spawn (Depths:4)
  A neqoxec (Pan)
  3 wolves (IceCv)
  A quasit (Abyss:3)
  4 small abominations
  An ufetubus (Abyss:1)
  A rat (D:3)
  A bush (D:10)
  19 fungi
  A lurking horror (Abyss:3)
  76 plants
  14 starspawn tentacles
  A tentacle (Shoals:1)
145 creatures vanquished.

Grand Total: 3417 creatures vanquished

Notes
Turn   | Place    | Note
-------+----------+-------------------------------------------
     0 | D:1      | Gergoth the Gargoyle Gladiator began the quest for the Orb.
     0 | D:1      | Reached XP level 1. HP: 12/12 MP: 1/1
   466 | D:1      | Reached XP level 2. HP: 15/17 MP: 2/2
  1130 | D:2      | Found a stormy altar of Qazlal.
  1153 | D:2      | Found a faded altar of an unknown god.
  1217 | D:2      | Reached XP level 3. HP: 19/21 MP: 3/3
  2071 | D:3      | Reached skill level 5 in Maces & Flails
  2071 | D:3      | Reached XP level 4. HP: 26/26 MP: 4/4
  2140 | D:3      | Found a hazy altar of Hepliaklqana.
  2287 | D:3      | Found a glowing golden altar of the Shining One.
  2314 | D:3      | Found an ancient bone altar of Kikubaaqudgha.
  2696 | D:3      | Found a basalt altar of Yredelemnul.
  2698 | D:3      | Noticed a profane servitor
  2714 | D:3      | Noticed an angel
  2723 | D:3      | Became a worshipper of the Shining One
  2809 | D:4      | Reached XP level 5. HP: 24/30 MP: 5/5
  2959 | D:4      | Noticed an ogre
  3337 | D:4      | Reached XP level 6. HP: 35/35 MP: 6/6
  3802 | D:4      | Reached XP level 7. HP: 37/40 MP: 7/7
  3811 | D:4      | Found a staircase to the Ecumenical Temple.
  3834 | Temple   | Entered the Ecumenical Temple
  4049 | D:4      | Reached * piety under the Shining One
  4219 | D:4      | Found an opulent altar of Gozag.
  4257 | D:5      | Entered Level 5 of the Dungeon
  4285 | D:5      | Found an iron altar of Okawaru.
  4297 | D:5      | Got a faintly glowing leather armour
  4299 | D:5      | Found Gozag's Platinum Reserve.
  4299 | D:5      | Found an opulent altar of Gozag.
  4499 | D:5      | Found a glowing drain.
  4523 | Sewer    | Entered a sewer
  5029 | D:5      | Reached ** piety under the Shining One
  5048 | D:5      | Reached XP level 8. HP: 44/44 MP: 8/8
  5579 | D:5      | HP: 1/44 [orc warrior/cursed -1 dire flail (15)]
  5801 | D:5      | Identified the +5 leather armour of the Eleven Cities
                  | {rPois rF++ MR++ Dex-4} (You found it on level 5 of the
                  | Dungeon)
  5909 | D:6      | Reached skill level 10 in Maces & Flails
  6085 | D:6      | Found a snail-covered altar of Cheibriados.
  6455 | D:6      | Noticed Pikel
  6685 | D:5      | Killed Pikel
  6685 | D:5      | Reached XP level 9. HP: 41/48 MP: 9/9
  6788 | D:6      | Noticed Grinder
  6817 | D:6      | Killed Grinder
  7097 | D:7      | Got a smoking trident
  7133 | D:7      | Reached skill level 3 in Fighting
  7230 | D:7      | Found a bloodstained altar of Trog.
  7241 | D:7      | Found a shadowy altar of Dithmenos.
  7268 | D:7      | Found a shimmering altar of Xom.
  7287 | D:7      | Reached skill level 4 in Fighting
  7314 | D:7      | Noticed Joseph
  7314 | D:7      | Reached *** piety under the Shining One
  7336 | D:7      | Killed Joseph
  7336 | D:7      | Reached skill level 5 in Fighting
  7525 | D:7      | Found a deep blue altar of Sif Muna.
  7746 | D:7      | Identified the +6 trident "Myzetz" {protect, +Rage SInv}
                  | (You found it on level 7 of the Dungeon)
  7817 | D:8      | Noticed Grum
  7848 | D:7      | Reached XP level 10. HP: 42/60 MP: 10/10
  7999 | D:8      | Noticed Harold
  8034 | D:7      | Killed Harold
  8034 | D:7      | Reached skill level 6 in Fighting
  8141 | D:8      | Found a glowing silver altar of Zin.
  8279 | D:9      | Reached skill level 7 in Fighting
  8329 | D:9      | Found a roughly hewn altar of Beogh.
  8619 | D:9      | Found Oceviut's Food Boutique.
  9218 | D:10     | Entered Level 10 of the Dungeon
  9400 | D:10     | Reached skill level 8 in Fighting
  9530 | D:10     | Reached **** piety under the Shining One
  9623 | D:10     | Reached skill level 9 in Fighting
  9623 | D:10     | Reached XP level 11. HP: 42/71 MP: 11/11
  9841 | D:10     | Noticed a two-headed ogre
  9854 | D:10     | Killed a two-headed ogre
  9854 | D:10     | Reached skill level 10 in Fighting
 10170 | D:10     | Reached skill level 1 in Armour
 10411 | D:10     | Found a staircase to the Lair.
 10795 | D:10     | Reached skill level 5 in Armour
 10998 | D:11     | Found an ornate altar of the Wu Jian Council.
 11028 | D:11     | Noticed a green ugly thing
 11064 | D:11     | Killed a green ugly thing
 11163 | D:11     | Noticed a brown ugly thing
 11181 | D:11     | Killed a brown ugly thing
 11845 | D:11     | Noticed a seven-headed hydra
 12207 | D:12     | Found a snail-covered altar of Cheibriados.
 12275 | D:12     | Noticed a tengu warrior
 12276 | D:12     | Noticed a six-headed hydra
 12276 | D:12     | Reached ***** piety under the Shining One
 12337 | D:12     | Found a frozen archway.
 12373 | D:12     | Found a staircase to the Orcish Mines.
 12406 | IceCv    | Entered an ice cave
 13315 | IceCv    | Reached XP level 12. HP: 71/77 MP: 12/12
 14149 | IceCv    | Reached skill level 15 in Maces & Flails
 14825 | IceCv    | Noticed a frost giant
 15425 | IceCv    | Identified Elouthra's Disquisition on Enchanting Flight
 15661 | D:12     | Noticed a two-headed ogre
 15667 | D:12     | Killed a two-headed ogre
 16173 | Orc:1    | Entered Level 1 of the Orcish Mines
 16382 | Orc:1    | Found a bloodstained altar of Trog.
 16485 | Orc:2    | Entered Level 2 of the Orcish Mines
 16754 | Orc:1    | Reached skill level 10 in Armour
 16930 | Orc:2    | Reached ****** piety under the Shining One
 18187 | Orc:2    | Reached skill level 5 in Dodging
 18407 | Orc:2    | Found Monysecw's Food Boutique.
 18407 | Orc:2    | Found Senyus's Food Shoppe.
 18409 | Orc:2    | Found Mumekhotz's General Store.
 18411 | Orc:2    | Found Raocvian's Magic Scroll Shop.
 18416 | Orc:2    | Bought a scroll of blinking for 82 gold pieces
 18416 | Orc:2    | Bought a scroll of identify for 22 gold pieces
 18416 | Orc:2    | Bought a scroll of identify for 22 gold pieces
 18421 | Orc:2    | Bought a scroll of identify for 32 gold pieces
 18421 | Orc:2    | Bought a scroll of identify for 32 gold pieces
 18423 | Orc:2    | Identified a scroll of acquirement
 18429 | Orc:2    | Got a pair of crude gloves
 18579 | Orc:1    | Identified the +0 pair of gloves of Boredom {rN+++ MR+ MP+9
                  | SInv} (You acquired it on level 2 of the Orcish Mines)
 18734 | Orc:2    | Reached XP level 13. HP: 79/82 MP: 13/13
 18881 | Orc:2    | Noticed Saint Roka
 19091 | Lair:1   | Entered Level 1 of the Lair of Beasts
 19333 | Lair:1   | Found a transporter.
 19335 | Lair:1   | Noticed Garbasso's ghost (journeyman MfTm)
 19357 | Lair:1   | Found a transporter.
 20621 | Lair:1   | Killed Garbasso's ghost
 21160 | Lair:2   | Noticed Gastronok
 21450 | Lair:2   | Killed Gastronok
 22853 | Lair:4   | Noticed Sonja
 22861 | Lair:4   | Noticed Sonja
 22861 | Lair:4   | Sonja changed into Sonja the basilisk
 22872 | Lair:4   | Killed Sonja the basilisk
 23087 | Lair:4   | Found a staircase to the Shoals.
 23133 | Lair:4   | Found a hole to the Spider Nest.
 23227 | Lair:4   | Reached skill level 10 in Dodging
 23996 | Lair:4   | Noticed Josephine
 24017 | Lair:4   | Killed Josephine
 24020 | Lair:4   | Gained mutation: Your large and strong wings let you fly
                  | indefinitely. [Gargoyle growth]
 24020 | Lair:4   | Reached XP level 14. HP: 88/88 MP: 14/14
 24421 | Lair:5   | Reached skill level 11 in Fighting
 25131 | Lair:5   | Reached skill level 12 in Fighting
 25603 | Lair:6   | Entered Level 6 of the Lair of Beasts
 26690 | Lair:6   | Reached skill level 13 in Fighting
 27286 | Lair:6   | Reached skill level 14 in Fighting
 28631 | Lair:6   | Reached skill level 15 in Fighting
 28636 | Lair:6   | Found a staircase to the Slime Pits.
 28639 | Lair:6   | Reached XP level 15. HP: 96/103 MP: 15/15
 28699 | Lair:6   | Found a viscous altar of Jiyva.
 29118 | Lair:6   | Got a heavily runed ivory ring
 29119 | Lair:6   | Identified the ring of Xom's Flight of Fancy {-Tele rElec
                  | rF+ Int+4} (You found it on level 6 of the Lair of Beasts)
 29934 | D:8      | Found Agot's Gadget Emporium.
 29971 | D:8      | Found a hide-covered altar of Uskayaw.
 30185 | D:8      | Killed Grum
 30193 | D:8      | Noticed Maurice
 30208 | D:8      | Killed Maurice
 30772 | D:13     | Reached skill level 16 in Fighting
 30794 | D:13     | Reached skill level 1 in Stealth
 30980 | D:13     | Reached skill level 1 in Spellcasting
 31111 | D:13     | Found a flagged portal.
 31120 | Bailey   | Entered a bailey
 31588 | D:13     | Found a gate to the Vaults.
 32079 | D:14     | Found Qiosyu's Armour Boutique.
 32088 | D:14     | Noticed Rupert
 32102 | D:14     | Noticed Agnes
 32104 | D:15     | Entered Level 15 of the Dungeon
 32502 | D:15     | Reached skill level 5 in Stealth
 32622 | D:15     | Found a white marble altar of Elyvilon.
 32888 | D:15     | Found a deep blue altar of Sif Muna.
 33004 | D:15     | Found Nadest's Needful Niceties.
 33063 | D:15     | Found a staircase to the Depths.
 33344 | D:13     | Identified a +4 morningstar of holy wrath (a +2 morningstar
                  | of crushing blessed by the Shining One)
 33344 | D:13     | Received a gift from the Shining One
 33412 | D:11     | Fell from the grace of the Shining One
 33412 | D:11     | Became a worshipper of the Wu Jian Council
 33547 | Spider:1 | Entered Level 1 of the Spider Nest
 33741 | Spider:1 | Reached XP level 16. HP: 110/110 MP: 23/23
 33749 | Spider:1 | Reached skill level 5 in Spellcasting
 33998 | Lair:4   | Reached * piety under Wu Jian
 34152 | Spider:1 | Noticed Louise
 34191 | Lair:4   | Killed Louise
 34717 | Spider:1 | Reached ** piety under Wu Jian
 34989 | Spider:1 | Noticed Azrael
 35056 | Spider:1 | Killed Azrael
 35056 | Spider:1 | Reached skill level 1 in Shields
 35795 | Spider:2 | Reached *** piety under Wu Jian
 36356 | Spider:3 | Reached **** piety under Wu Jian
 36835 | Spider:4 | Entered Level 4 of the Spider Nest
 37086 | Spider:3 | Reached skill level 10 in Stealth
 37142 | Spider:4 | Reached XP level 17. HP: 109/115 MP: 28/28
 37587 | Spider:4 | Got a scorched morningstar
 37591 | Spider:4 | Identified the +10 morningstar "Avate" {crush, rPois} (You
                  | found it on level 4 of the Spider Nest)
 37976 | Spider:4 | Reached ***** piety under Wu Jian
 38647 | Spider:4 | Got a gossamer rune of Zot
 38845 | Shoals:1 | Entered Level 1 of the Shoals
 39348 | Shoals:1 | Noticed a kraken
 39367 | Shoals:1 | Killed a kraken
 39882 | Shoals:2 | Found Wudyngom's Food Boutique.
 39926 | Shoals:2 | Found Doxtem's Book Boutique.
 39933 | Shoals:2 | Found a flickering gateway to a bazaar.
 39943 | Bazaar   | Entered a bazaar
 40065 | Bazaar   | Found Peij's Book Emporium.
 40065 | Bazaar   | Found Ruic's Armour Emporium.
 40099 | Bazaar   | Found Tuvan's Food Shoppe.
 40099 | Bazaar   | Found Ximuk's Assorted Antiques.
 40117 | Bazaar   | Bought a scroll of identify for 48 gold pieces
 40141 | Bazaar   | Bought the +2 cloak of the Thief {+Fog Slay-2 SInv Stlth+}
                  | for 241 gold pieces
 40141 | Bazaar   | Found the +2 cloak of the Thief {+Fog Slay-2 SInv Stlth+}
 40169 | Bazaar   | Bought a scroll of brand weapon for 480 gold pieces
 40169 | Bazaar   | Bought a polished scale mail for 216 gold pieces
 40170 | Bazaar   | Identified the +1 scale mail "Kuemm" {rC+} (You bought it
                  | in a shop in a bazaar)
 40344 | Shoals:2 | Identified Roxanne's Disquisition on Earth
 40344 | Shoals:2 | Noticed Roxanne
 40708 | Shoals:2 | Reached XP level 18. HP: 120/120 MP: 30/30
 41135 | Shoals:4 | Entered Level 4 of the Shoals
 41979 | Shoals:4 | Reached skill level 1 in Evocations
 42844 | Shoals:4 | Got a barnacled rune of Zot
 42991 | Shoals:4 | Identified the +6 chain mail of Seisk {rPois rF+ Str-3
                  | Int+3 Dex+5}
 43851 | Shoals:4 | Reached skill level 5 in Evocations
 44247 | Vaults:1 | Entered Level 1 of the Vaults
 44339 | Vaults:1 | Reached skill level 17 in Fighting
 44354 | Vaults:1 | Reached XP level 19. HP: 108/128 MP: 31/31
 44639 | Vaults:1 | Identified a +2 pair of boots of running (You found it on
                  | level 4 of the Shoals)
 44645 | Vaults:1 | Learned a level 1 spell: Apportation
 44777 | Vaults:1 | Reached ****** piety under Wu Jian
 46759 | Vaults:2 | Reached skill level 18 in Fighting
 46905 | Vaults:2 | Reached XP level 20. HP: 93/136 MP: 32/32
 47575 | Vaults:2 | Found Ecock's Weapon Shop.
 47742 | Vaults:2 | Noticed a lich
 47754 | Vaults:2 | Killed a lich
 48320 | Vaults:2 | Found a staircase to the Crypt.
 48540 | Vaults:2 | Reached skill level 10 in Evocations
 48551 | Vaults:2 | Upgraded the game from 0.23-a0-359-g9beedce to
                  | 0.23-a0-370-gf497b7c
 48775 | Vaults:3 | Reached skill level 19 in Fighting
 49724 | Vaults:3 | Found Fip Wez's Distillery.
 49731 | Vaults:3 | Bought a potion of heal wounds for 70 gold pieces
 49731 | Vaults:3 | Bought a potion of heal wounds for 70 gold pieces
 49784 | Vaults:3 | Reached skill level 20 in Fighting
 49875 | Vaults:3 | Reached XP level 21. HP: 143/146 MP: 33/33
 50064 | Vaults:3 | Identified the +3 mace of Triumph {drain, rPois rN+++ Str-3
                  | Stlth-} (You found it on level 3 of the Vaults)
 50557 | Vaults:3 | Identified the +12 long sword of Termination {freeze,
                  | *Noise +Inv rN+ Stlth+}
 51716 | Orc:2    | Killed Saint Roka
 51824 | Orc:2    | Found a staircase to the Elven Halls.
 51927 | Elf:1    | Entered Level 1 of the Elven Halls
 52030 | Elf:1    | Identified the Tome of Dark Rituals
 52053 | Elf:1    | Found Veonuune's Assorted Antiques.
 52058 | Elf:1    | Bought a sparkling ivory amulet for 215 gold pieces
 52059 | Elf:1    | Identified the amulet "Ymikeoc" {Spirit *Corrode rPois MR+}
                  | (You bought it in a shop on level 1 of the Elven Halls)
 52814 | Elf:2    | Found a runed gate.
 52814 | Elf:2    | Found a runed gate.
 52814 | Elf:2    | Found a runed gate.
 53341 | Elf:2    | Learned a level 5 spell: Borgnjor's Vile Clutch
 53821 | Elf:2    | Reached XP level 22. HP: 103/152 MP: 34/34
 54190 | Elf:3    | Entered Level 3 of the Elven Halls
 54657 | Elf:3    | Reached skill level 15 in Dodging
 54662 | Elf:3    | Identified the +4 long sword "Monong" {venom, MR+ Stlth+}
 55175 | Elf:3    | Identified the ring "Pyos Faloa" {-Tele rC+++ MP+9 Dex+6
                  | Stlth+}
 55401 | Elf:3    | Identified the Disquisition on Dusty Cold
 55509 | Elf:3    | Identified Mekaytoxt's Almanac of Fire and Poisoning
 55531 | Elf:3    | Identified a +1 pair of boots of running (You found it on
                  | level 3 of the Elven Halls)
 55557 | Elf:3    | Got a wizard robe
 55561 | Elf:3    | Got a smoking platinum ring
 55563 | Elf:3    | Identified the ring of Syuno {-Tele +Inv rC+ Str+4} (You
                  | found it on level 3 of the Elven Halls)
 55747 | Elf:3    | Identified the cursed +1 robe of the Gate {Regen+ Str+5
                  | Int-2 Stlth+} (You found it on level 3 of the Elven Halls)
 55990 | D:14     | Killed Agnes
 55990 | D:14     | Reached skill level 1 in Earth Magic
 56095 | D:14     | Found a shadowy altar of Dithmenos.
 56187 | D:14     | Killed Rupert
 56464 | Depths:1 | Entered Level 1 of the Depths
 57309 | Vaults:4 | Reached skill level 5 in Shields
 57317 | Vaults:4 | Reached skill level 5 in Earth Magic
 57675 | Vaults:4 | Reached XP level 23. HP: 115/156 MP: 35/35
 58609 | Depths:1 | Noticed Asterion
 58612 | Depths:1 | Killed Asterion
 58990 | Depths:1 | Noticed Margery
 59110 | Depths:1 | Killed Margery
 59247 | Depths:1 | Identified the +4 faerie dragon scales {rC- rN++ rCorr
                  | Dex+2 Stlth+}
 59247 | Depths:1 | Noticed the Enchantress
 59624 | D:15     | Killed the Enchantress
 59713 | Depths:1 | Found a gateway to Hell.
 59804 | Depths:1 | Reached skill level 10 in Earth Magic
 60253 | Depths:2 | Reached skill level 10 in Shields
 60386 | Depths:2 | Found a one-way gate leading to the halls of Pandemonium.
 60449 | Depths:2 | Found Gozag's Antique Weapon Boutique.
 60454 | Depths:2 | Found an opulent altar of Gozag.
 60454 | Depths:2 | Noticed a golden dragon
 60459 | Depths:2 | Found Gozag's Antique Armour Shop.
 61349 | Depths:2 | Found a portal to a secret trove of treasure.
 61630 | Depths:2 | Reached XP level 24. HP: 153/163 MP: 35/35
 61651 | Depths:2 | Found Gozag's Assorted Antiques.
 62269 | Depths:3 | Paralysed by a floating eye for 4 turns
 62324 | Depths:3 | Got a crude pewter ring
 62434 | Depths:3 | Found a blossoming altar of Fedhas.
 62573 | Depths:3 | Identified the ring "Buodif Nuunk" {*Drain +Blink rF+ rC+++
                  | MP+9} (You found it on level 3 of the Depths)
 63120 | Depths:3 | Identified the ring "Beobocs" {+Inv rC+ Str+4}
 63342 | Depths:3 | Learned a level 2 spell: Passwall
 63345 | Depths:3 | Learned a level 2 spell: Blink
 63352 | Depths:3 | Learned a level 6 spell: Bolt of Fire
 63372 | Depths:3 | Reached skill level 1 in Conjurations
 63411 | Depths:3 | Found a blossoming altar of Fedhas.
 63484 | Depths:3 | Got a sparkling jade ring
 63486 | Depths:3 | Identified the ring "Wyikkaco" {rCorr Stlth+} (You found it
                  | on level 3 of the Depths)
 63587 | Depths:3 | Got a fine lead ring
 63600 | Depths:3 | Identified the ring "Xeabinne" {*Corrode rElec MP+9 Dex-2
                  | SInv} (You found it on level 3 of the Depths)
 64640 | Depths:4 | Reached skill level 5 in Conjurations
 64677 | Depths:4 | Noticed Sojobo
 65072 | Vaults:5 | Entered Level 5 of the Vaults
 65081 | Vaults:4 | Reached skill level 15 in Earth Magic
 65290 | Vaults:4 | Reached XP level 25. HP: 101/168 MP: 35/35
 65744 | Vaults:5 | Noticed a shard shrike
 65744 | Vaults:5 | an iron dragon changed into a shard shrike
 65747 | Vaults:5 | a shard shrike changed into a titan
 65952 | Vaults:5 | Noticed an ancient lich
 66141 | Vaults:5 | Killed an ancient lich
 66141 | Vaults:5 | Reached skill level 15 in Shields
 66148 | Vaults:5 | Got a silver rune of Zot
 66243 | Vaults:5 | Identified the +3 leather armour of the Eight Demons {rF+
                  | rCorr Str+4}
 66312 | Vaults:5 | Identified the cursed +1 hand axe "Zolusew" {venom, Str+3
                  | SInv}
 66808 | Vaults:5 | Reached skill level 10 in Conjurations
 67593 | Vaults:5 | Noticed an ancient lich
 67629 | Vaults:5 | Identified Vued's Handbook of the Arsonist
 67738 | Vaults:5 | Learned a level 9 spell: Shatter
 68189 | Vaults:5 | Reached XP level 26. HP: 167/174 MP: 35/35
 68312 | Vaults:5 | Identified the Reference Book on Companions and
                  | Confrontation
 68317 | Vaults:5 | Identified Enil's Disquisition on Earthen Moulding
 68333 | Vaults:5 | Identified the +5 ring mail "Vunkush" {rPois} (You found it
                  | on level 5 of the Vaults)
 68558 | Vaults:5 | Identified Ittudgh's Reference Book on Toxins and Curses
 69083 | Depths:4 | Killed Sojobo
 69382 | Depths:4 | Noticed Gupsidadd's ghost (veteran MiBe)
 69427 | Depths:4 | Found a gateway to a ziggurat.
 69633 | Depths:4 | Found a transporter.
 69699 | Depths:4 | Found a corrupted altar of Lugonu.
 69699 | Depths:4 | Found a one-way gate to the infinite horrors of the Abyss.
 69751 | Depths:4 | Found a transporter.
 70037 | Depths:4 | Voluntarily entered the Abyss.
 70652 | Abyss:1  | Noticed an ancient lich
 70669 | Abyss:1  | Killed an ancient lich
 70677 | Depths:4 | Escaped the Abyss
 70813 | Depths:4 | Voluntarily entered the Abyss.
 71307 | Abyss:1  | Reached skill level 1 in Fire Magic
 71343 | Abyss:1  | Found a corrupted altar of Lugonu.
 71567 | Abyss:2  | Found a corrupted altar of Lugonu.
 71650 | Abyss:3  | Identified the Catalogue of Dusty Stolen Souls
 71652 | Abyss:3  | Found a transporter.
 71652 | Abyss:3  | Found a corrupted altar of Lugonu.
 71721 | Abyss:3  | Identified the ring "Xaohapn" {rElec rPois Str+3 Int+3}
 71767 | Abyss:3  | Found a corrupted altar of Lugonu.
 71795 | Abyss:3  | Found a transporter.
 71950 | Abyss:3  | Gained mutation: You are frail. (-10% HP) [a neqoxec]
 72548 | Abyss:3  | Reached skill level 5 in Fire Magic
 72683 | Abyss:3  | Reached XP level 27. HP: 158/161 MP: 35/35
 72688 | Abyss:3  | Reached skill level 15 in Conjurations
 72713 | Abyss:3  | Got an abyssal rune of Zot
 72872 | Abyss:4  | Found a corrupted altar of Lugonu.
 72889 | Depths:4 | Escaped the Abyss
 72963 | Depths:2 | You paid a toll of 15 scrolls of teleportation to enter a
                  | treasure trove
 72964 | Trove    | Entered a treasure trove
 72975 | Trove    | Got a smoking granite ring
 72976 | Trove    | Identified the ring "Neanulibb" {MP+9 Int+2} (You found it
                  | in a treasure trove)
 72980 | Trove    | Got a warped pewter amulet
 72983 | Trove    | Got a slimy amethyst amulet
 72995 | Trove    | Identified the amulet "Kodaqoh" {Faith rF+ Stlth+} (You
                  | found it in a treasure trove)
 72996 | Trove    | Identified the amulet of the Forgotten Tales {Faith rPois
                  | Str+4} (You found it in a treasure trove)
 72997 | Trove    | Identified the ring "Ysuublirch" {rPois MR++ Str+3 Dex-5
                  | SInv} (You found it in a treasure trove)
 73001 | Trove    | Identified the amulet of the Heavens {Faith -Tele +Fly
                  | Str+6} (You found it in a treasure trove)
 73003 | Trove    | Identified the ring of Sogeidae {rF+ Str+2 Int-4 Slay+2}
                  | (You found it in a treasure trove)
 73005 | Trove    | Identified the ring "Hereleant" {rF+ rC- EV+5 Str-2 Dex+5}
                  | (You found it in a treasure trove)
 73007 | Trove    | Got a scorched tin ring
 73014 | Trove    | Got an ancient diamond amulet
 73030 | Trove    | Identified the ring "Ypaeb" {+Inv rF- MR+++ MP+9 Str+2}
                  | (You found it in a treasure trove)
 73072 | Trove    | Identified the amulet "Roidoq" {Acrobat Fragile rPois MP+9}
                  | (You found it in a treasure trove)
 73418 | Shoals:2 | Bought a book of the Tempests for 700 gold pieces
 73674 | D:5      | Bought the amulet "Dedwacak" {Acrobat rF+ rC+ MR+} for 5660
                  | gold pieces
 73978 | Slime:1  | Entered Level 1 of the Pits of Slime
 74481 | Crypt:1  | Entered Level 1 of the Crypt
 74749 | Crypt:1  | You are sucked into a shaft!
 75518 | Crypt:2  | Reached skill level 10 in Fire Magic
 75659 | Crypt:2  | Found a corrupted altar of Lugonu.
 76145 | Crypt:3  | Entered Level 3 of the Crypt
 76756 | Crypt:3  | Found a staircase to the Tomb.
 76988 | Crypt:3  | Identified the Compendium of Evil
 77161 | Crypt:3  | Noticed Jory
 77163 | Crypt:3  | Identified the ring "Rismyile" {+Inv +Fly rF++ rN+}
 77178 | Crypt:3  | Killed Jory
 77504 | Crypt:3  | Got a sparkling granite ring
 77505 | Crypt:3  | Identified the ring "Nyqo" {rF+ rN+} (You found it on level
                  | 3 of the Crypt)
 77506 | Crypt:3  | Identified the ring "Jinott" {+Fly rPois rN+ MR+++ Dex-4}
                  | (You found it on level 3 of the Crypt)
 77526 | Crypt:3  | Learned a level 8 spell: Ignition
 77833 | Depths:5 | Entered Level 5 of the Depths
 78860 | Depths:5 | Found a gate to the Realm of Zot.
 78962 | Depths:5 | Reached skill level 15 in Fire Magic
 79353 | Zot:1    | Entered Level 1 of the Realm of Zot
 80378 | Zot:1    | Identified the +4 dragonskin cloak
 80378 | Zot:1    | Noticed Tiamat
 81985 | Slime:3  | Gained mutation: You tend to lose your temper in combat. [a
                  | shining eye]
 82183 | Slime:5  | Entered Level 5 of the Pits of Slime
 82252 | Slime:5  | Noticed the Royal Jelly
 82265 | Slime:5  | Killed the Royal Jelly
 82408 | Slime:5  | Gained mutation: You are dopey. (Int -2) [a shining eye]
 82413 | Slime:5  | Gained mutation: Armour fits poorly on your strangely
                  | shaped body. [a shining eye]
 82598 | Slime:5  | Gained mutation: Your spells are a little easier to cast,
                  | but a little less powerful. [a shining eye]
 83017 | Slime:5  | Found the +7 longbow "Piercer" {penet, EV-2}
 83064 | Slime:5  | Got twisted shadow dragon scales
 83085 | Slime:5  | Got a slimy rune of Zot
 83171 | Slime:5  | Reached skill level 21 in Fighting
 83754 | Hell     | Entered the Vestibule of Hell
 83754 | Hell     | Noticed Geryon
 83771 | Hell     | Killed Geryon
 83833 | Hell     | Noticed an ancient lich
 83929 | Depths:1 | Killed an ancient lich
 83946 | Hell     | Reached skill level 22 in Fighting
 84089 | Depths:1 | Identified the cursed +0 shadow dragon scales of Grace
                  | {-Cast rC+ Slay+2 Stlth++++} (You found it on level 5 of
                  | the Pits of Slime)
 84137 | Hell     | Found a gateway to the freezing wastes of Cocytus.
 84283 | Hell     | Found a gateway to the Iron City of Dis.
 84407 | Hell     | Found a gateway to the decaying netherworld of Tartarus.
 84517 | Hell     | Found a gateway to the ashen valley of Gehenna.
 84903 | Temple   | Fell from the grace of Wu Jian
 84903 | Temple   | Became a worshipper of Vehumet
 85193 | Pan      | Entered Pandemonium
 85668 | Pan      | Reached * piety under Vehumet
 85926 | Pan      | Gained mutation: You occasionally shout uncontrollably at
                  | your foes. [a cacodemon]
 85927 | Pan      | Gained mutation: You are clumsy. (Dex -2) [a cacodemon]
 85928 | Pan      | Gained mutation: You are very clumsy. (Dex -4) [a
                  | cacodemon]
 85985 | Pan      | Gained mutation: You are weak. (Str -2) [a cacodemon]
 85988 | Pan      | Gained mutation: You sometimes yell uncontrollably at your
                  | foes. [a cacodemon]
 85991 | Pan      | Lost mutation: You are weak. (Str -2) [a cacodemon]
 86000 | Pan      | Entered the realm of Gloorx Vloq.
 86182 | Pan      | Reached skill level 23 in Fighting
 86472 | Pan      | Reached ** piety under Vehumet
 87102 | Pan      | Noticed Gloorx Vloq
 87120 | Pan      | Killed Gloorx Vloq
 87120 | Pan      | Offered knowledge of Stone Arrow by Vehumet.
 87511 | Pan      | Got a dark rune of Zot
 87721 | Pan      | Reached *** piety under Vehumet
 88148 | Pan      | Noticed Qeturomiem the pandemonium lord
 88186 | Pan      | Killed Qeturomiem the pandemonium lord
 88312 | Pan      | Identified Negotush's Primer on Rites and Rhymes
 88355 | Pan      | Offered knowledge of Stone Arrow by Vehumet.
 89016 | Pan      | Reached skill level 1 in Necromancy
 89129 | Pan      | Reached **** piety under Vehumet
 89129 | Pan      | Reached skill level 10 in Spellcasting
 89156 | Pan      | Was forgiven by Wu Jian
 89292 | Pan      | Offered knowledge of Lee's Rapid Deconstruction by Vehumet.
 90533 | Pan      | Found a glowing silver altar of Zin.
 90673 | Pan      | Reached ***** piety under Vehumet
 90680 | Pan      | Identified the +1 chain mail of the Tarantula {rF+}
 90710 | Pan      | Offered knowledge of Iskenderun's Battlesphere by Vehumet.
 91162 | Pan      | Noticed a seraph
 91184 | Pan      | Killed a seraph
 91322 | Pan      | Found a glowing golden altar of the Shining One.
 91364 | Pan      | Identified the Compendium of Snow
 91366 | Pan      | Identified Ockakluj's Volume of Assistive Moulding
 91369 | Pan      | Got a demonic rune of Zot
 91820 | Pan      | Identified the +1 buckler "Ryejeeti" {rElec rC- rCorr
                  | Int+3}
 91916 | Pan      | Reached skill level 5 in Necromancy
 92160 | Pan      | Entered the realm of Mnoleg.
 92302 | Pan      | Got a polished chain mail
 92306 | Pan      | Identified the +3 chain mail of Brilliance {Dex+5} (You
                  | found it in Pandemonium)
 92332 | Pan      | Gained mutation: You are very frail. (-20% HP) [a
                  | cacodemon]
 92387 | Pan      | Lost mutation: You are very clumsy. (Dex -4) [a neqoxec]
 92406 | Pan      | Gained mutation: You frequently scream uncontrollably at
                  | your foes. [a cacodemon]
 92411 | Pan      | Paralysed by a floating eye for 2 turns
 92411 | Pan      | Gained mutation: You are weak. (Str -2) [a neqoxec]
 92421 | Pan      | Paralysed by a floating eye for 2 turns
 92469 | Pan      | Gained mutation: You are very clumsy. (Dex -4) [a
                  | cacodemon]
 92487 | Pan      | Gained mutation: Your body sometimes deteriorates upon
                  | taking damage. [a neqoxec]
 92493 | Pan      | Gained mutation: You are extremely frail. (-30% HP) [a
                  | cacodemon]
 92495 | Pan      | Gained mutation: You are very dopey. (Int -4) [a neqoxec]
 92519 | Pan      | Gained mutation: You do not regenerate when monsters are
                  | visible. [a cacodemon]
 92640 | Pan      | Gained mutation: Scrolls take you a little longer to read.
                  | [a neqoxec]
 92687 | Pan      | Noticed Mnoleg
 92697 | Pan      | Cast into level 5 of the Abyss (the power of Zot)
 92697 | Abyss:5  | Entered Level 5 of the Abyss
 92862 | Abyss:5  | Identified the +5 ice dragon scales "Sygaw" {rF- rC++ Str+4
                  | Dex-5 Stlth+} (You found it on level 5 of the Abyss)
 92901 | Pan      | Escaped the Abyss
 92925 | Pan      | Got a glowing rune of Zot
 92938 | Pan      | Gained mutation: Potions are less effective at restoring
                  | your health. [a cacodemon]
 92941 | Pan      | Gained mutation: You often lose your temper in combat. [a
                  | cacodemon]
 92942 | Pan      | Gained mutation: You are occasionally teleported next to
                  | monsters. [a cacodemon]
 93120 | Pan      | Lost mutation: Armour fits poorly on your strangely shaped
                  | body. [potion of mutation]
 93120 | Pan      | Lost mutation: You are weak. (Str -2) [potion of mutation]
 93120 | Pan      | Lost mutation: You are occasionally teleported next to
                  | monsters. [potion of mutation]
 93120 | Pan      | Lost mutation: You are very clumsy. (Dex -4) [potion of
                  | mutation]
 93120 | Pan      | Lost mutation: Your spells are a little easier to cast, but
                  | a little less powerful. [potion of mutation]
 93120 | Pan      | Gained mutation: You have sharp fingernails. [potion of
                  | mutation]
 93121 | Pan      | Lost mutation: You are very dopey. (Int -4) [potion of
                  | mutation]
 93121 | Pan      | Lost mutation: You frequently scream uncontrollably at your
                  | foes. [potion of mutation]
 93121 | Pan      | Lost mutation: Your body sometimes deteriorates upon taking
                  | damage. [potion of mutation]
 93121 | Pan      | Gained mutation: You are surrounded by a mild repulsion
                  | field. (EV +2) [potion of mutation]
 93122 | Pan      | Lost mutation: Scrolls take you a little longer to read.
                  | [potion of mutation]
 93122 | Pan      | Lost mutation: You are clumsy. (Dex -2) [potion of
                  | mutation]
 93122 | Pan      | Lost mutation: You do not regenerate when monsters are
                  | visible. [potion of mutation]
 93122 | Pan      | Gained mutation: Your spells are a little harder to cast,
                  | but a little more powerful. [potion of mutation]
 93122 | Pan      | Gained mutation: You expend magic power (3 MP) to
                  | strengthen your wands. [potion of mutation]
 93135 | Pan      | Lost mutation: Your spells are a little harder to cast, but
                  | a little more powerful. [a neqoxec]
 93171 | Pan      | Lost mutation: You are dopey. (Int -2) [a neqoxec]
 93208 | Pan      | Gained mutation: You frequently scream uncontrollably at
                  | your foes. [Mnoleg's mutagenic touch]
 93216 | Pan      | HP: 6/131 [tentacled monstrosity[Mnoleg] (17)]
 93216 | Pan      | Slain by a tentacled monstrosity

Vault maps used:
D:1:      dpeg_arrival_shrine, minivault_5, minmay_misc_feat_enclosed
D:2:      old_standard_altar, first_ration, chequers_ecumenical_altar_twisty,
          grunt_ministairs_11
D:3:      grunt_temple_overflow_holy_war, lemuel_crystal_altar,
          lemuel_coloured_pillars_altar
D:4:      cheibrodos_barr_body, kennysheep_little_box, temple_green,
          chequers_avenue
D:5:      cheibrodos_thug_alley, okawaru_trees_1, enter_ossuary_4,
          gup_sewer_entry_glass, nicolae_gozag_zags_fifth_avenue
D:6:      cheibriados_altar_1, uniq_grinder, uniq_pikel
D:7:      old_standard_altar, xom_butterflies, amethyst_overflow_temple_binary,
          uniq_joseph
D:8:      nicolae_overflow_crystal_walls, dancing_weapons_uskayaw,
          serial_corexii_hall, chequers_hall_statues_y, corexii_hall_statues_i,
          serial_shops, shop, the_bakery, minmay_misc_feat_hallway, uniq_grum,
          uniq_harold, uniq_maurice
D:9:      serial_shops, nicolae_shop_statue_plus, corexii_corridor_pit,
          david_defended_altar_orc
D:10:     minmay_lair_entry_grove, serial_glass, glass_columns_a,
          glass_columns_a, item_on_display_a, minmay_strange_pillars,
          minmay_strange_pillars, item_on_display_a, minmay_misc_feat_columns
D:11:     kennysheep_another_room, lemuel_statue_altar
D:12:     orc_0_dummy, portal_ice_cave_entry_imps, basic_altar,
          onia_ninara_dug_in_and_dangerous
D:13:     grunt_vaults_entry_fortified, enter_bailey_2
D:14:     serial_shops, nicolae_shop_behind_doors, kennysheep_nondescript,
          minmay_misc_feat_five, nicolae_dithmenos_shadow_blocks, uniq_agnes,
          uniq_rupert
D:15:     grunt_enter_depths_hoard, lemuel_blue_sif_altar,
          nicolae_alphabet_shops, elyvilon_altar_5
Temple:   nicolae_temple_figure_zero
Lair:1:   gammafunk_ghost_arena, infiniplex_staircase_pool, grunt_megastairs_4
Lair:2:   uniq_gastronok
Lair:4:   shoals_dummy_entry, nicolae_spider_entry_orb_guardian, uniq_josephine,
          uniq_sonja
Lair:5:   nicolae_lair_yak_garden, grunt_megastairs_5
Lair:6:   minmay_lair_end_frog_pond, slime_altar_1
Shoals:2: serial_shops, bzr_firewalk, shop, nicolae_shop_window_shopping,
          nicolae_shoals_square_sea_wall, uniq_roxanne
Shoals:4: shoals_end_grunt_ice, ldierk_geyser
Spider:1: uniq_louise, uniq_azrael
Spider:2: special_room
Spider:4: floodkiller_spider_rune_tomb, nicolae_spider_stair_cavern
Slime:1:  cheibrodos_slime_lost_civilization_10
Slime:3:  nicolae_slime_phagocytosis
Orc:1:    basic_altar
Orc:2:    st_orc_rangers, uniq_saint_roka
Elf:1:    serial_shops, shop, minmay_elf_necromancy
Elf:2:    kb_rosetta
Elf:3:    minmay_elf_hall_circle, spider_trap
Vaults:1: hangedman_vaults_stretched_pinwheel, ontoclasm_vaults_shuriken,
          nicolae_vaults_arrows, nicolae_vaults_little_squares_1,
          ontoclasm_vaults_misaligned, nicolae_vaults_an_arrangement,
          nicolae_vaults_theta, nicolae_vaults_little_squares_5,
          nicolae_vaults_border_crossing, vaults_mumra_chevron_long,
          vaults_room_fours, ontoclasm_vaults_claustrophobia,
          ontoclasm_vaults_ring_square, ontoclasm_vaults_ring_square,
          nicolae_vaults_alarming
Vaults:2: v_misc_16, vaults_room_fancy_cross, nicolae_vaults_specimen_jars,
          dpeg_vaults_monster_box, minmay_crypt_entry_simple_statues,
          ontoclasm_vaults_tryst, ontoclasm_vaults_spin,
          dpeg_vaults_pockets_of_resistance, ontoclasm_vaults_pinch,
          ontoclasm_vaults_twist, vaults_room_grid
Vaults:3: nicolae_vaults_branching_niches, hangedman_vaults_river_flow,
          hangedman_vaults_impose, hangedman_vaults_corner_blocks,
          vaults_room_octagon, grunt_vaults_trifunnel, v_misc_26,
          vaults_room_large_hall, hangedman_vaults_trim, v_misc_5, v_misc_12,
          nicolae_vaults_little_ls, grunt_vaults_focal, serial_shops, shop
Vaults:4: v_misc_15, vaults_mumra_chevron, vaults_mumra_hexcomb,
          vaults_mumra_hex, nicolae_vaults_rhombus_6
Crypt:1:  grunt_crypt_arrival_guarded_gate
Crypt:2:  lemuel_hellish_altar
Crypt:3:  due_elkab, tomb_entry_shell_bobbens
Depths:1: serial_sigils_hangedman_leer, grunt_metal_band, grunt_tough_drop,
          uniq_enchantress, uniq_asterion
Depths:2: kennysheep_gozag_temple, enter_trove_0, minmay_stone_trees_small,
          pf_hell_entry_tar_spiral, rand_demon_pan_entry_7,
          infiniplex_staircase_zigzag_2, serial_bayou_shore_a
Depths:3: hangedman_spin_cycle, hell_entry, pan_entry
Depths:4: kennysheep_demon_jail, enter_ziggurat_f,
          minmay_misc_feat_secret_circle, gammafunk_ghost_arena,
          abyss_entry_flame_altar, pf_coc_iceberg, serial_bayou_shore_b,
          infiniplex_staircase_door_maze, uniq_sojobo
Depths:5: grunt_zot_entry_bicorn, hell_entry, basic_stair_grate_trap,
          uniq_margery
Zot:1:    uniq_tiamat
Abyss:2:  eino_small_chamber_without_monster
Abyss:3:  evilmike_abyss_exit_6, gammafunk_corrupted_shrine, minivault_1
Abyss:4:  bh_abyss_exit_choice, evilmike_abyss_exit_chaos,
          hangedman_glass_garden
Abyss:5:  evilmike_abyss_exit_16, serial_sigils_hangedman_quiver,
          hangedman_abyss_river_spirits, evilmike_abyss_exit_17,
          hangedman_abyss_shoalhut
Pan:      rand_demon_4, evilmike_mini_pan_T, nicolae_pan_sigil_eeng,
          gloorx_vloq_grunt, rand_demon_8, pan_blood_fountain_small,
          evilmike_mini_pan_thingy, evilmike_mini_pan_pillars_b,
          nicolae_pan_cerebovesque_2, evilmike_holy_pan,
          regret_index_pan_draining_boxed, pan_blood_fountain,
          nicolae_pan_gloorx_vloqian_2, reaverb_pan_squares, mnoleg
Bazaar:   grunt_bazaar_doublecross
Trove:    trove_jewel_1
Sewer:    sewer_minmay_treatment
Bailey:   bailey_polearm_4, bailey
IceCv:    ice_cave_caverns_02

Skill      XL: |  1  2  3  4  5  6  7  8  9 10 11 12 13 14 15 16 17 18 19 20 21 22 23 24 25 26 27 |
---------------+----------------------------------------------------------------------------------+-----
Maces & Flails | 4 5 6 7 9 11 12 14 15 16 17 18 19 20 | 20.0
Fighting       | 5 9 10 15 16 17 18 20 23 | 23.6
Armour         | 7 10 11 13 14 | 14.0
Dodging        | 5 10 14 16 | 16.0
Stealth        | 6 10 12 | 12.0
Spellcasting   | 4 7 8 11 | 11.6
Shields        | 4 6 11 14 15 | 15.0
Evocations     | 5 8 10 | 10.0
Earth Magic    | 6 12 15 17 20 21 | 21.9
Conjurations   | 6 11 14 18 | 18.2
Fire Magic     | 5 21 | 21.4
Necromancy     | 5 |  5.9
Throwing       | |  1.7

Action                   |  1- 3 |  4- 6 |  7- 9 | 10-12 | 13-15 | 16-18 | 19-21 | 22-24 | 25-27 || total
-------------------------+-------+-------+-------+-------+-------+-------+-------+-------+-------++-------
Melee: Flail             |    88 |   134 |   450 |   321 |       |       |       |       |       ||   993
       Morningstar       |       |       |       |   563 |   209 |  1685 |  1955 |  2495 |  6086 || 12993
       Great mace        |       |       |       |    77 |  1331 |   304 |       |       |       ||  1712
Throw: Throwing net      |       |     1 |     3 |     5 |       |       |       |       |     2 ||    11
 Cast: Apportation       |       |       |       |       |       |       |     1 |       |     3 ||     4
       Blink             |       |       |       |       |       |       |       |     2 |     2 ||     4
       Passwall          |       |       |       |       |       |       |       |       |    18 ||    18
       Borgnjor's Vile C |       |       |       |       |       |       |       |       |   129 ||   129
       Ignition          |       |       |       |       |       |       |       |       |    50 ||    50
       Shatter           |       |       |       |       |       |       |       |       |     4 ||     4
Invok: Lunge             |       |       |       |       |     1 |   183 |   225 |   194 |   289 ||   892
       Brand Weapon With |       |       |       |       |     1 |       |       |       |       ||     1
       Whirlwind         |       |       |       |       |       |   602 |   826 |  1045 |  1308 ||  3781
       Serpent's Lash    |       |       |       |       |       |     8 |    12 |    21 |    22 ||    63
       Heavenly Storm    |       |       |       |       |       |     1 |     4 |     3 |     9 ||    17
 Abil: Fly               |       |       |       |       |     1 |       |       |     1 |     1 ||     3
       Wall Jump         |       |       |       |       |       |     6 |     1 |     3 |       ||    10
       Evoke Fog         |       |       |       |       |       |     2 |    14 |    29 |    45 ||    90
       Stop Flying       |       |       |       |       |       |       |       |     2 |       ||     2
Evoke: Wand              |       |       |       |     8 |    21 |     8 |       |       |     1 ||    38
  Use: Scroll            |       |     4 |     3 |    18 |    17 |    13 |     4 |    14 |    34 ||   107
       Potion            |       |       |       |       |       |     1 |       |       |    18 ||    19
 Stab: Sleeping          |       |       |       |       |       |    22 |    20 |    36 |    26 ||   104
       Held in net/web   |       |       |       |       |       |     1 |       |       |       ||     1
       Distracted        |       |       |       |       |       |     3 |     7 |     9 |    38 ||    57
       Petrified         |       |       |       |       |       |       |       |       |     3 ||     3
       Petrifying        |       |       |       |       |       |       |       |       |     2 ||     2
  Eat: Chunk             |     4 |     5 |    15 |    34 |    42 |    29 |    33 |    41 |    48 ||   251
       Ration            |       |       |       |     1 |     2 |     3 |     1 |     3 |    39 ||    49
Armor: Leather armour    |    31 |       |   111 |   460 |   820 |  1211 |   570 |   653 |   649 ||  4505
       Ring mail         |     9 |     3 |       |       |       |       |       |       |       ||    12
       Chain mail        |       |   110 |   174 |       |       |       |       |       |       ||   284
       Acid dragon scale |       |       |       |       |       |       |       |    83 |  1688 ||  1771
Dodge: Dodged            |    55 |    68 |   248 |   506 |  1144 |  1278 |   662 |  1306 |  2834 ||  8101
Block: Buckler           |       |       |       |       |       |   176 |   257 |   573 |       ||  1006
       Shield            |       |       |       |       |       |       |       |    39 |  2942 ||  2981

Table legend:
 A = Non-vault XP
 B = Vault XP
 C = Vault XP percentage of total XP
 D = Non-vault monster count
 E = Vault monster count
 F = Vault count percentage of total count
                 A         B        C        D         E       F
            +---------+---------+-------+---------+---------+-------
      Total | 1070996 |  964296 |  47.4 |    1977 |    1213 |  38.0
            +---------+---------+-------+---------+---------+-------
        D:1 |      20 |       0 |   0.0 |      11 |       0 |   0.0
        D:2 |      24 |       3 |  11.1 |      11 |       2 |  15.4
        D:3 |     114 |       0 |   0.0 |      15 |       0 |   0.0
        D:4 |     400 |     179 |  30.9 |      26 |       5 |  16.1
        D:5 |     275 |     789 |  74.2 |      13 |      16 |  55.2
        D:6 |     585 |     286 |  32.8 |      16 |       1 |   5.9
        D:7 |    1187 |    1713 |  59.1 |      21 |       4 |  16.0
        D:8 |     400 |     981 |  71.0 |      12 |       4 |  25.0
        D:9 |    1045 |     239 |  18.6 |      13 |       4 |  23.5
       D:10 |    3864 |    1631 |  29.7 |      27 |      12 |  30.8
       D:11 |    2961 |       0 |   0.0 |      33 |       0 |   0.0
       D:12 |    2637 |     123 |   4.5 |      25 |      12 |  32.4
       D:13 |    6495 |    6522 |  50.1 |      40 |      10 |  20.0
       D:14 |    5890 |    5366 |  47.7 |      28 |       2 |   6.7
       D:15 |   17847 |   10482 |  37.0 |      45 |       9 |  16.7
     Lair:1 |    4049 |    2130 |  34.5 |      17 |      10 |  37.0
     Lair:2 |    3543 |    2338 |  39.8 |      19 |       1 |   5.0
     Lair:3 |    3473 |       0 |   0.0 |      15 |       0 |   0.0
     Lair:4 |   10689 |    4740 |  30.7 |      42 |       8 |  16.0
     Lair:5 |   10119 |    5223 |  34.0 |      38 |      16 |  29.6
     Lair:6 |   13403 |   10488 |  43.9 |      41 |      42 |  50.6
   Shoals:1 |   11052 |       0 |   0.0 |      21 |       0 |   0.0
   Shoals:2 |   14399 |       0 |   0.0 |      28 |       0 |   0.0
   Shoals:3 |   11639 |    2220 |  16.0 |      23 |       2 |   8.0
   Shoals:4 |   26556 |   16417 |  38.2 |      52 |      24 |  31.6
   Spider:1 |   13663 |    2562 |  15.8 |      42 |       8 |  16.0
   Spider:2 |   12702 |    2199 |  14.8 |      31 |      20 |  39.2
   Spider:3 |   10745 |       0 |   0.0 |      33 |       0 |   0.0
   Spider:4 |   10162 |   38176 |  79.0 |      20 |      71 |  78.0
    Slime:1 |     546 |       0 |   0.0 |       2 |       0 |   0.0
    Slime:2 |    3145 |       0 |   0.0 |       5 |       0 |   0.0
    Slime:3 |   15724 |       0 |   0.0 |      22 |       0 |   0.0
    Slime:4 |    6038 |    2379 |  28.3 |      15 |       1 |   6.2
    Slime:5 |   12043 |   30587 |  71.7 |      34 |      13 |  27.7
      Orc:1 |    1376 |     782 |  36.2 |      14 |       2 |  12.5
      Orc:2 |     503 |    9572 |  95.0 |       7 |      45 |  86.5
      Elf:1 |   13593 |    3779 |  21.8 |      25 |       8 |  24.2
      Elf:2 |   20377 |   27725 |  57.6 |      34 |      32 |  48.5
      Elf:3 |   12595 |   48820 |  79.5 |      29 |      31 |  51.7
   Vaults:1 |   34190 |   35277 |  50.8 |      62 |      44 |  41.5
   Vaults:2 |   44025 |   42463 |  49.1 |      72 |      45 |  38.5
   Vaults:3 |   40251 |   34416 |  46.1 |      53 |      52 |  49.5
   Vaults:4 |   37581 |   57659 |  60.5 |      54 |      54 |  50.0
   Vaults:5 |   13425 |  109407 |  89.1 |      20 |      72 |  78.3
    Crypt:1 |   29106 |       0 |   0.0 |      51 |       0 |   0.0
    Crypt:2 |   24673 |    2487 |   9.2 |      38 |      10 |  20.8
    Crypt:3 |   43445 |   46888 |  51.9 |      45 |      68 |  60.2
   Depths:1 |   26694 |   35821 |  57.3 |      36 |      25 |  41.0
   Depths:2 |   45555 |    9930 |  17.9 |      61 |      12 |  16.4
   Depths:3 |    7391 |   73783 |  90.9 |      10 |      76 |  88.4
   Depths:4 |   19078 |   35589 |  65.1 |      25 |      25 |  50.0
   Depths:5 |   32661 |   22791 |  41.1 |      33 |      14 |  29.8
       Hell |   10963 |   27299 |  71.3 |      12 |      55 |  82.1
      Zot:1 |   72195 |   17572 |  19.6 |      44 |      13 |  22.8
    Abyss:1 |   46340 |       0 |   0.0 |      73 |       0 |   0.0
    Abyss:2 |    2227 |       0 |   0.0 |       6 |       0 |   0.0
    Abyss:3 |   58124 |   28080 |  32.6 |     134 |      33 |  19.8
    Abyss:4 |     217 |       0 |   0.0 |       1 |       0 |   0.0
    Abyss:5 |     947 |    1848 |  66.1 |       4 |       5 |  55.6
        Pan |  196030 |  134947 |  40.8 |     198 |      91 |  31.5
      Sewer |       0 |     317 | 100.0 |       0 |      48 | 100.0
     Bailey |       0 |    1488 | 100.0 |       0 |      16 | 100.0
      IceCv |       0 |    7783 | 100.0 |       0 |      40 | 100.0
            +---------+---------+-------+---------+---------+-------
